 Dungeon Crawl Stone Soup version 0.30.0-29-ga12c61a403 (webtiles) character file.

Game seed: 8464498462928958669

2720 Descartes the Shield-Bearer (level 9, 0/103 HPs)
             Began as a Formicid Fighter on June 14, 2023.
             Was an Initiate of Gozag.
             Succumbed to a gnoll sergeant's poison
             ... on level 7 of the Dungeon.
             The game lasted 00:09:21 (5966 turns).

Descartes the Shield-Bearer (Formicid Fighter)      Turns: 5966, Time: 00:09:22

Health: 0/103      AC: 28    Str: 25    XL:     9   Next: 98%
Magic:  15/15      EV:  2    Int:  8    God:    Gozag
Gold:   529        SH:  6    Dex: 13    Spells: 16/16 levels left

rFire   . . .        x - +4 war axe (heavy)
rCold   . . .        c - +0 buckler
rNeg    . . .        p - melded +0 troll leather armour {Pargi}
rPois   +            (helmet unavailable)
rElec   .            (cloak currently unavailable)
rCorr   .            a - melded +0 pair of gloves
SInv    .            (boots currently unavailable)
Will    .....        y - amulet of the acrobat
Stlth   +            F - +4 ring of protection
HPRegen 0.37/turn    (no ring)
MPRegen 0.14/turn

%: acrobat
@: lethally poisoned (0 -> -37), tree-form
A: stationary, stasis, torment immunity, boosted hp, permanent stasis, dig
shafts and tunnels, (antennae 3), four strong arms
a: Renounce Religion, Potion Petition, Call Merchant, Bribe Branch


You were on level 7 of the Dungeon.
You worshipped Gozag.
Gozag was pleased with you.
You were a tree.
You visited 2 branches of the dungeon, and saw 9 of its levels.
You also visited: Sewer.

You collected 628 gold pieces.
You paid 99 gold pieces to Gozag.

Inventory:

Hand Weapons
 w - the +2 whip "Ittucont" {elec, rN+}
   (You found it on level 3 of the Dungeon)

   rN:        It protects you from negative energy.
 x - a +4 heavy war axe (weapon)
Missiles
 j - 20 poisoned darts
 G - 2 silver javelins
 I - 2 throwing nets
Armour
 a - a +0 pair of gloves (melded)
 c - a +0 buckler (worn)
 p - a +0 troll leather armour (melded) {Pargi}
 C - a +0 plate armour
Jewellery
 y - an amulet of the acrobat (around neck)
 F - a +4 ring of protection (left branch)
Wands
 J - a wand of flame (14)
Scrolls
 b - a scroll of poison {unknown}
 f - 9 scrolls of identify {unknown}
 h - a scroll of butterflies {unknown}
 n - a scroll of fog {unknown}
 r - a scroll of silence {unknown}
 s - 2 scrolls of immolation {unknown}
 B - a scroll of amnesia {unknown}
 D - a scroll of brand weapon {unknown}
 E - a scroll of enchant weapon {unknown}
 H - a scroll of teleportation {unknown}
 K - a scroll of magic mapping {unknown}
Potions
 d - a potion of might
 e - a potion of degeneration {unknown}
 g - 4 potions of lignification
 i - 3 potions of flight {unknown}
 k - 3 potions of curing {unknown}
 l - 2 potions of berserk rage
 m - 2 potions of mutation {unknown}
 o - a potion of resistance {unknown}
 q - 3 potions of haste {unknown}
 t - 2 potions of heal wounds {unknown}
 u - a potion of cancellation {unknown}
 v - 2 potions of attraction {unknown}
 z - a potion of brilliance {unknown}
 A - 2 potions of magic {unknown}


   Skills:
 + Level 6.1 Fighting
 + Level 4.9(5.6) Axes
 + Level 4.1(5.2) Maces & Flails
 + Level 6.0 Armour
 + Level 7.1 Shields
 + Level 4.3 Spellcasting
 + Level 3.8 Translocations
 + Level 4.8 Evocations


You had 16 spell levels left.
You didn't know any spells.
Your spell library contained the following spells:

 Spells                   Type           Power      Damage    Failure   Level
 Sandblast                Erth           2%         2d4       32%         1
 Ensorcelled Hibernation  Hex/Ice        2%         N/A       43%         2
 Passwall                 Tmut/Erth      0%         N/A       43%         2
 Sublimation of Blood     Necr           1%         N/A       43%         2
 Wereblood                Tmut           1%         N/A       43%         2
 Passage of Golubria      Tloc           7%         N/A       54%         4
 Stone Arrow              Conj/Erth      2%         3d7       67%         3
 Tukima's Dance           Hex            1%         N/A       67%         3
 Summon Mana Viper        Hex/Summ       1%         N/A       100%        5
 Yara's Violent Unravell  Hex/Tmut       0%         3d3       100%        5
 Monstrous Menagerie      Summ           0%         N/A       100%        7
 Summon Hydra             Summ           0%         N/A       100%        7
 Swiftness                Air            Unusable   N/A       N/A         3

Dungeon Overview and Level Annotations

Branches:
Dungeon (8/15)             Temple (1/1) D:6           Sewer (visited)
   Lair: D:8-11

Altars:
Ashenzari
Cheibriados
Dithmenos
Elyvilon
Fedhas
Gozag
Hepliaklqana
Kikubaaqudgha
Makhleb
Nemelex Xobeh
Okawaru
Qazlal
Ru
Sif Muna
Trog
Uskayaw
Vehumet
Wu Jian
Xom
Yredelemnul
The Shining One

Shops:
D:3 ?   D:4 =


Innate Abilities, Weirdness & Mutations

You are a tree.
Your roots penetrate the ground, keeping you stationary.
You cannot be teleported.
You are immune to unholy pain and torment.
Your maximum health is greatly increased.
Your equipment is partially melded.
You cannot be hasted, slowed, berserked, paralysed or teleported.
You can dig through walls and to a lower floor.
((You have a pair of large antennae on your head. (SInv)))
Your four strong arms can wield two-handed weapons with a shield.


Message History

The gnoll sergeant shouts!
The gnoll shouts!
You hear a shout! x2
A gnoll comes into view. It is wielding a +0 flail.
The gnoll moves out of view.
A gnoll comes into view. It is wielding a +0 club.
A gnoll comes into view. It is wielding a +0 spear.
There is a stone staircase leading up here.
The gnoll sergeant barely misses you.
There is a stone staircase leading up here.
The gnoll sergeant hits you with a +6 spear of venom!
You are poisoned.
You climb upwards.
You feel extremely sick.
There is a stone staircase leading down here.
You hit the gnoll sergeant.
The gnoll sergeant is lightly wounded.
You feel very sick.
The gnoll sergeant hits you with a +6 spear of venom.
You are more poisoned.
The gnoll sergeant barely misses you. The gnoll sergeant blocks your attack.
The gnoll sergeant is lightly wounded.
You feel extremely sick.
The gnoll sergeant hits you with a +6 spear of venom!
You are more poisoned.
You block the gnoll sergeant's attack. The gnoll sergeant blocks your attack.
The gnoll sergeant is lightly wounded.
* * * LOW HITPOINT WARNING * * *
You feel extremely sick.
The gnoll sergeant hits you with a +6 spear of venom.
* * * LOW HITPOINT WARNING * * *
You are more poisoned.
The gnoll sergeant hits you with a +6 spear of venom.
* * * LOW HITPOINT WARNING * * *
It was a potion of lignification.
You turn into a tree.
Your +0 pair of gloves melds into your body.
Your +0 troll leather armour {Pargi} melds into your body.
Your roots penetrate the ground.
You die...
Your body crumbles into a pile of gold.

............#.......####........#
............###._.### #........#
####+##+##..#.......#####[......#
####.##<###.#.).#...#..##......##
........#.[.#...#...#..##......##
........#...'#######+...#.......#
........#...............#.......#
..##....##.#########.)..+......##
..##....##'####.♣.##)))##......##
...........#....g.###)###........
..##.......#........)..#.........
..##.......#.."........##......##
...........'...........##......##
...........#...........#.........
.........(.#...........'.........
...........#...........#.........
#.####....###.....###..##..##..##


You could see a gnoll sergeant.

Vanquished Creatures
  An unseen horror zombie (D:8)
  A wyvern (D:8)
  3 steam dragons
  2 water moccasins (D:6)
  Pargi (Sewer)
  An orc warrior (D:7)
  3 black bears
  2 hornet zombies (D:8)
  An ice beast (D:6)
  A centaur (D:7)
  A phantom (D:4)
  A kobold brigand (D:6)
  A bullfrog (D:7)
  2 scorpions
  A howler monkey (D:4)
  A hound (D:7)
  A sleepcap (D:6)
  A gnoll bouda (D:7)
  2 iguanas
  3 orc wizards (D:7)
  A howler monkey zombie (D:8)
  Robin (D:3)
  8 gnolls
  10 adders
  A white imp (D:5)
  3 worms
  4 dart slugs
  15 orcs
  6 bats
  6 endoplasms
  5 giant cockroaches
  13 goblins
  13 hobgoblins
  7 jackals (D:3)
  6 quokkas
  14 ball pythons
  7 frilled lizards
  4 kobolds
  11 rats
165 creatures vanquished.

Vanquished Creatures (others)
  An orc (D:5)
1 creature vanquished.

Grand Total: 166 creatures vanquished

Notes
Turn   | Place    | Note
-------+----------+-------------------------------------------
     0 | D:1      | Descartes the Formicid Fighter began the quest for the Orb.
     0 | D:1      | Reached XP level 1. HP: 18/18 MP: 1/1
    80 | D:1      | Reached XP level 2. HP: 10/24 MP: 2/2
   277 | D:1      | Reached XP level 3. HP: 19/29 MP: 3/3
   487 | D:1      | You fall into a shaft and drop 1 floor!
  1018 | D:2      | Reached XP level 4. HP: 36/36 MP: 4/4
  1107 | D:2      | Reached skill level 1 in Evocations
  1713 | D:3      | Identified the +2 dagger "Cekhust" {heavy, rC+}
  1717 | D:3      | Found a glowing drain.
  1729 | D:3      | Reached skill level 1 in Translocations
  1729 | D:3      | Reached XP level 5. HP: 33/42 MP: 6/6
  1737 | Sewer    | Entered a sewer
  1775 | Sewer    | Noticed Pargi
  1778 | Sewer    | Reached skill level 1 in Spellcasting
  1800 | Sewer    | Killed Pargi
  1801 | Sewer    | Reached skill level 1 in Maces & Flails
  1801 | Sewer    | Reached XP level 6. HP: 23/48 MP: 6/8
  1945 | D:3      | Found a shadowy altar of Dithmenos.
  1945 | D:3      | Found an iron altar of Okawaru.
  2055 | D:3      | Noticed Robin
  2094 | D:3      | Killed Robin
  2203 | D:3      | Found a sparkling altar of Nemelex Xobeh.
  2213 | D:3      | Found Vuamesiv's Magic Scroll Boutique.
  2276 | D:3      | Identified the +2 whip "Ittucont" {elec, rN+}
  2312 | D:3      | Found a faded altar of an unknown god.
  2429 | D:3      | Reached skill level 5 in Shields
  2647 | D:4      | Reached XP level 7. HP: 54/54 MP: 10/10
  2957 | D:4      | Found Boaty's Jewellery Shoppe.
  3094 | D:5      | Entered Level 5 of the Dungeon
  3747 | D:5      | Noticed a steam dragon
  3760 | D:5      | Killed a steam dragon
  3761 | D:5      | Reached XP level 8. HP: 18/61 MP: 11/11
  4344 | D:6      | Found a staircase to the Ecumenical Temple.
  4353 | Temple   | Entered the Ecumenical Temple
  4357 | Temple   | Became a worshipper of Gozag Ym Sagoz the Greedy
  4423 | D:6      | Reached skill level 5 in Fighting
  4434 | D:6      | Got the Teachings on the Boggart
  4482 | D:6      | Reached skill level 5 in Armour
  4600 | D:6      | Reached skill level 6 in Shields
  5176 | D:7      | Reached XP level 9. HP: 58/68 MP: 14/14
  5615 | D:7      | Found a sacrificial altar of Ru.
  5792 | D:8      | Reached skill level 7 in Shields
  5877 | D:8      | HP: 3/69 [wyvern (11)]
  5966 | D:7      | Succumbed to a gnoll sergeant's poison

Illustrated notes

Levels and vault maps discovered:
D:1:      minmay_arrival_pointy, layout_rooms
D:2:      layout_basic
D:3:      layout_rooms, mainiacjoe_overflow_cross_hatched,
          gammafunk_temple_overflow_elements, serial_shops,
          nicolae_shop_temple_entry_statues_fountains, portal_sewer_entry_b,
          hellmonk_ecumenical_altar_inner_sanctum, uniq_robin
D:4:      layout_loops_ring, serial_shops, nicolae_shop_rolling_square
D:5:      layout_layer_cave
D:6:      nicolae_cairo_tiling_large_dashed, layout_basic,
          minmay_temple_entry_junction_2, minmay_misc_feat_more_columns
D:7:      layout_gridville, nicolae_ru_great_annihilating_truth
D:8:      layout_basic, general_overflow_altar, lair_entry_dummy, serial_undead,
          serial_undead_a, serial_undead_d, serial_undead_a, serial_undead_a,
          uniq_erica, uniq_amaemon, uniq_grum
Temple:   sentei_temple_godly_chess

Skill      XL: |  1  2  3  4  5  6  7  8  9 |
---------------+----------------------------+-----
Evocations     | 1 2 3 4 |  4.8
Translocations | 1 2 3 |  3.8
Spellcasting   | 1 2 3 4 |  4.3
Maces & Flails | 1 2 3 4 |  4.1
Armour         | 4 5 6 |  6.0
Fighting       | 4 5 6 |  6.1
Shields        | 5 6 7 |  7.1
Axes           | 3 4 |  4.9

Action                     |  1- 3 |  4- 6 |  7- 9 || total
---------------------------+-------+-------+-------++-------
  Melee: War axe           |    86 |   179 |   179 ||   444
         Whip              |       |    42 |       ||    42
Ability: Dig               |       |     1 |       ||     1
    Use: Potion            |       |       |     1 ||     1
   Stab: Paralysed         |       |       |     1 ||     1
 Armour: Scale mail        |    50 |    78 |       ||   128
         Troll leather arm |       |    34 |    90 ||   124
  Dodge: Dodged            |    47 |   164 |   172 ||   383
  Block: Buckler           |    21 |    74 |    77 ||   172
